[Event "ICC tourney 2556 (25 5)"]
[Site "Internet Chess Club"]
[Date "2021.05.09"]
[Round "6"]
[White "BABLANI, ARNAV:K05-16018565"]
[Black "HU, ANGELA:K05-16747812"]
[Result "1-0"]
[ICCResult "Black resigns"]
[WhiteElo "909"]
[BlackElo "1237"]
[Opening "Danish gambit"]
[ECO "C21"]
[NIC "KP.04"]
[Time "13:33:36"]
[PlyCount "73"]
[TimeControl "1500+5"]

1. e4 e5 2. d4 exd4 3. c3 d6 4. cxd4 Nc6 5. Bb5 Bd7 6. Nc3 a6 7. Bc4 Nf6 8.
Bg5 Be7 9. h3 O-O 10. Nf3 h6 11. Be3 Na5 12. Bd5 c6 13. Bb3 Nxb3 14. axb3
d5 15. e5 Ne4 16. O-O f6 17. Nh4 fxe5 18. Ng6 Rf6 19. Nxe5 Bd6 20. Nxe4
dxe4 21. Nc4 Bc7 22. d5 Kh8 23. d6 Bb8 24. Nb6 Rxd6 25. Qc2 Ra7 26. Nxd7
Qxd7 27. Bxa7 Bxa7 28. Qxe4 Rd4 29. Qg6 Rd6 30. Qg4 Qxg4 31. hxg4 Rd2 32.
Rab1 Bd4 33. Rfd1 Rxb2 34. Rxb2 Bxb2 35. Rd7 b6 36. Rd6 Bd4 37. Rxd4 {
Black resigns } 1-0

[Event "ICC tourney 2556 (25 5)"]
[Site "Internet Chess Club"]
[Date "2021.05.09"]
[Round "6"]
[White "KHOROSHEVSKI, LEAH:K05-17055150"]
[Black "HONG, LUKE:K05-16894950"]
[Result "0-1"]
[ICCResult "White checkmated"]
[WhiteElo "1031"]
[BlackElo "1346"]
[Opening "Evans gambit"]
[ECO "C52"]
[NIC "IG.05"]
[Time "13:30:44"]
[PlyCount "112"]
[TimeControl "1500+5"]

1. e4 e5 2. Nf3 Nc6 3. Bc4 Bc5 4. b4 Bxb4 5. c3 Ba5 6. d4 exd4 7. O-O Nf6
8. e5 d5 9. exf6 dxc4 10. fxg7 Rg8 11. Re1+ Be6 12. Ng5 dxc3 13. Nxe6 Qxd1
14. Nxc7+ Kd7 15. Rxd1+ Kxc7 16. Bf4+ Kc8 17. Rc1 Nd4 18. Kf1 c2 19. Na3
Bc3 20. Nxc2 Nxc2 21. Rxc2 Bxa1 22. Rxc4+ Kd7 23. Rc7+ Ke6 24. Rxb7 Be5 25.
Bxe5 Kxe5 26. Rxf7 Ke6 27. Rb7 Kf6 28. g3 Rxg7 29. Rxg7 Kxg7 30. Kg2 Rb8
31. a4 Rb4 32. a5 Ra4 33. h4 Rxa5 34. g4 Ra6 35. f3 Rh6 36. Kg3 a5 37. g5
Rg6 38. f4 a4 39. f5 Rd6 40. f6+ Rxf6 41. gxf6+ Kxf6 42. Kf3 a3 43. Ke3 a2
44. Kd3 a1=Q 45. Kc2 Qd4 46. h5 Qc5+ 47. Kd3 Qxh5 48. Ke4 Qe5+ 49. Kd3 h5
50. Kd2 h4 51. Kc2 h3 52. Kd2 h2 53. Kd3 h1=Q 54. Kc2 Qf3 55. Kc1 Qee2 56.
Kb1 Qff1# { White checkmated } 0-1

[Event "ICC tourney 2556 (25 5)"]
[Site "Internet Chess Club"]
[Date "2021.05.09"]
[Round "6"]
[White "MURUGAN AYYAPPAN, ADHIRAIYAN:K05-16024678"]
[Black "ARAVINDAKSHAN, SAHANA:K05-16741147"]
[Result "0-1"]
[ICCResult "White checkmated"]
[WhiteElo "1378"]
[BlackElo "1587"]
[Opening "Queen's pawn: London system"]
[ECO "A45"]
[NIC "QP.07"]
[Time "13:31:39"]
[PlyCount "104"]
[TimeControl "1500+5"]

1. d4 Nf6 2. Bf4 g6 3. Nd2 Bg7 4. e4 d6 5. c3 O-O 6. h4 h5 7. Be2 Re8 8. e5
dxe5 9. Bxe5 Nc6 10. Bxf6 Bxf6 11. g4 hxg4 12. Bxg4 e5 13. Bxc8 exd4+ 14.
Ne2 Rxc8 15. Kf1 Bxh4 16. Nf3 Bf6 17. cxd4 Qd5 18. Rh3 Kg7 19. Qd2 Rh8 20.
Nf4 Qc4+ 21. Kg2 Rxh3 22. Nxh3 Rh8 23. Rc1 Qe6 24. Nfg5 Qg4+ 25. Kf1 Bxg5
26. Qxg5 Qxh3+ 27. Ke1 Re8+ 28. Kd2 Nxd4 29. Qg3 Qh6+ 30. f4 Ne2 31. Qf3
Nxc1 32. Kxc1 Qh2 33. Qc3+ Kg8 34. Kd1 Qe2+ 35. Kc1 Qe1+ 36. Qxe1 Rxe1+ 37.
Kc2 f6 38. Kd2 Re8 39. Kd3 g5 40. fxg5 fxg5 41. b4 g4 42. b5 g3 43. a4 g2
44. b6 axb6 45. a5 bxa5 46. Kc4 g1=Q 47. Kb5 Qb1+ 48. Kc4 Re4+ 49. Kc3 Qb4+
50. Kd3 Qd4+ 51. Kc2 Re2+ 52. Kb3 Qb4# { White checkmated } 0-1

[Event "ICC tourney 2556 (25 5)"]
[Site "Internet Chess Club"]
[Date "2021.05.09"]
[Round "6"]
[White "MANOHAR YELLEPEDDY, YUVAAN:K05-16384357"]
[Black "WESTOVER, CHARLOTTE:K05-16380250"]
[Result "0-1"]
[ICCResult "White checkmated"]
[WhiteElo "734"]
[BlackElo "1143"]
[Opening "Scandinavian defense"]
[ECO "B01"]
[NIC "SD.03"]
[Time "13:30:25"]
[PlyCount "140"]
[TimeControl "1500+5"]

1. e4 d5 2. exd5 Nf6 3. d4 Bg4 4. Be2 Bxe2 5. Nxe2 Nxd5 6. O-O e6 7. c4 Nf6
8. Nbc3 Bb4 9. Bg5 O-O 10. a3 Bd6 11. Ne4 Be7 12. Nxf6+ Bxf6 13. Be3 Nc6
14. Rc1 Qd7 15. b4 Rad8 16. d5 exd5 17. cxd5 Qxd5 18. Qc2 Qd3 19. Nf4 Qxc2
20. Rxc2 a6 21. a4 Rd7 22. b5 axb5 23. axb5 Ne5 24. Nh5 Be7 25. Bf4 Bd6 26.
Bh6 gxh6 27. Nf6+ Kg7 28. Nxd7 Nxd7 29. Rd1 Re8 30. g3 Re5 31. Kg2 Rxb5 32.
Ra2 Nc5 33. Rd4 Rb3 34. Rg4+ Kf6 35. Rh4 Kg5 36. h3 Ne6 37. Rg4+ Kf6 38.
Rh4 Rb4 39. Rxh6+ Kg7 40. Rh5 Kg6 41. Rha5 Bc5 42. Rc2 Bb6 43. Raa2 Nc5 44.
Ra3 Ra4 45. Rac3 Ra8 46. Rxc5 Bxc5 47. Rxc5 Rc8 48. Rb5 b6 49. f4 Rb8 50.
Kf3 Kf6 51. g4 c5 52. Rb1 Ke6 53. f5+ Kd5 54. Ke3 c4 55. h4 b5 56. g5 Kc5
57. h5 Rg8 58. Rg1 b4 59. g6 hxg6 60. hxg6 fxg6 61. Rxg6 Rf8 62. f6 b3 63.
Kd2 Kb4 64. Kc1 Ka3 65. Kb1 c3 66. f7 Rxf7 67. Ra6+ Kb4 68. Rb6+ Ka4 69.
Ra6+ Kb5 70. Ka1 Rf1# { White checkmated } 0-1

[Event "ICC tourney 2556 (25 5)"]
[Site "Internet Chess Club"]
[Date "2021.05.09"]
[Round "6"]
[White "CHOI, SHAWN:K05-16907434"]
[Black "KESIREDDY, SAIKARUNYA:K05-16974321"]
[Result "0-1"]
[ICCResult "White checkmated"]
[WhiteElo "1354"]
[BlackElo "880"]
[Opening "QGD: 4.Bg5"]
[ECO "D43"]
[NIC "QO.16"]
[Time "13:30:50"]
[PlyCount "78"]
[TimeControl "1500+5"]

1. d4 e6 2. c4 d5 3. Nc3 Nf6 4. Bg5 c6 5. Nf3 Be7 6. e3 Bd7 7. Bd3 Na6 8.
a3 Nc7 9. O-O O-O 10. Qc2 a5 11. Bxf6 Bxf6 12. Bxh7+ Kh8 13. Bd3 dxc4 14.
Bxc4 b5 15. Bd3 Nd5 16. Qe2 g6 17. e4 Nf4 18. Qe3 Nxd3 19. Qxd3 Kg7 20. e5
Bg5 21. Nxg5 Qxg5 22. Ne4 Qh6 23. Nf6 Rad8 24. Rfe1 Rh8 25. h3 Be8 26. Rac1
Qf4 27. Rcd1 c5 28. Re4 Qf5 29. Qe3 Bc6 30. g4 Rxh3 31. Qxh3 Qg5 32. Qh7+
Kf8 33. Re3 cxd4 34. Rh3 Ke7 35. Qh4 Qxe5 36. Nd7+ Kxd7 37. Qg3 Qd5 38. Rh7
Kc8 39. Rxf7 Qh1# { White checkmated } 0-1

[Event "ICC tourney 2556 (25 5)"]
[Site "Internet Chess Club"]
[Date "2021.05.09"]
[Round "6"]
[White "KAUR, JIND:K05-15724996"]
[Black "ROY, AYUSH:K05-16710940"]
[Result "0-1"]
[ICCResult "White checkmated"]
[WhiteElo "1296"]
[BlackElo "1548"]
[Opening "Sicilian defense"]
[ECO "B44"]
[NIC "SI.39"]
[Time "13:33:36"]
[PlyCount "92"]
[TimeControl "1500+5"]

1. e4 c5 2. Nf3 Nc6 3. d4 cxd4 4. Nxd4 e6 5. Bb5 Bc5 6. Bxc6 bxc6 7. Nc3 d5
8. O-O Ne7 9. Bg5 Bb7 10. Re1 O-O 11. Na4 Bb6 12. Nxb6 axb6 13. Qg4 Qd7 14.
Bf6 Ng6 15. Bg5 dxe4 16. Rad1 c5 17. Nf5 exf5 18. Rxd7 fxg4 19. Rxb7 Rxa2
20. Rxb6 f5 21. h3 gxh3 22. gxh3 Ne5 23. Kg2 Nf3 24. Re3 Nxg5 25. Rg3 Nf7
26. Rb5 Nd6 27. Rxc5 Rxb2 28. Rc7 Nf7 29. Rc5 Nh6 30. Rc7 g6 31. Ra3 Rbb8
32. Rac3 f4 33. R3c4 e3 34. fxe3 fxe3 35. Re4 Rbe8 36. Rxe8 Rxe8 37. Kf1
Nf5 38. Rb7 Nd4 39. c3 e2+ 40. Ke1 Nf3+ 41. Kf2 e1=Q+ 42. Kxf3 Qf1+ 43. Kg4
Re4+ 44. Kg3 Qd3+ 45. Kf2 Re2+ 46. Kg1 Qd1# { White checkmated } 0-1

[Event "ICC tourney 2556 (25 5)"]
[Site "Internet Chess Club"]
[Date "2021.05.09"]
[Round "6"]
[White "ULUGBEKOVICH KHASANOV, ALISHER:K05-17028741"]
[Black "REDDY NALAMALPU, ASHIKA:K05-16684895"]
[Result "1-0"]
[ICCResult "Black checkmated"]
[WhiteElo "1227"]
[BlackElo "885"]
[Opening "English: symmetrical variation"]
[ECO "A30"]
[NIC "EO.64"]
[Time "13:31:46"]
[PlyCount "95"]
[TimeControl "1500+5"]

1. c4 c5 2. Nf3 d6 3. g3 Nf6 4. Bg2 e5 5. Nc3 Be7 6. O-O O-O 7. d3 Nc6 8.
e3 Be6 9. b3 Qa5 10. Bb2 Qd8 11. h3 d5 12. Ng5 d4 13. exd4 cxd4 14. Nxe6
fxe6 15. Ne4 h6 16. Qe2 a6 17. Rfe1 Bb4 18. Red1 Nxe4 19. Bxe4 Ne7 20. Bxb7
Ra7 21. Bg2 Ng6 22. h4 Raf7 23. Qg4 Qf6 24. Rf1 Ne7 25. Be4 Nf5 26. Rac1 g6
27. Kg2 Bd2 28. Rcd1 h5 29. Qe2 Bb4 30. a3 Bc3 31. Bxc3 dxc3 32. Rc1 Nd4
33. Qe3 Nf5 34. Bxf5 Qxf5 35. Rxc3 Rg7 36. c5 g5 37. hxg5 Rxg5 38. c6 h4
39. Rh1 hxg3 40. fxg3 Qg6 41. c7 Rc8 42. Rh4 Kg7 43. Rb4 Rxc7 44. Rxc7+ Kh6
45. Rh4+ Qh5 46. Rxh5+ Kxh5 47. Rh7+ Kg4 48. Qf3# { Black checkmated } 1-0

[Event "ICC tourney 2556 (25 5)"]
[Site "Internet Chess Club"]
[Date "2021.05.09"]
[Round "6"]
[White "BAO, MAXIMILIAN:K05-16427073"]
[Black "SWEENEY, JACKSON:K05-30028117"]
[Result "1-0"]
[ICCResult "Black checkmated"]
[WhiteElo "778"]
[BlackElo "319"]
[Opening "Scandinavian defense"]
[ECO "B01"]
[NIC "SD.03"]
[Time "13:32:29"]
[PlyCount "71"]
[TimeControl "1500+5"]

1. e4 d5 2. exd5 Nf6 3. Nc3 Nxd5 4. Nf3 Bf5 5. Bc4 Nb4 6. d3 N8c6 7. a3 Nd5
8. Bxd5 e6 9. Bxc6+ bxc6 10. O-O Bc5 11. d4 Bd6 12. Bg5 f6 13. Be3 e5 14.
dxe5 fxe5 15. Bg5 Qb8 16. Re1 Qxb2 17. Ne2 h6 18. Bd2 e4 19. Nh4 Be6 20.
Ng6 Rg8 21. Qb1 Qf6 22. Qb7 Kd8 23. Qxa8+ Kd7 24. Qxa7 Qxg6 25. Qa4 Bh3 26.
g3 Qf6 27. Qxe4 Bc5 28. Nf4 Qf7 29. Nxh3 Re8 30. Qg4+ Kd8 31. Rxe8+ Qxe8
32. Rb1 Bxa3 33. Rb8+ Ke7 34. Qe4+ Kf6 35. Rxe8 c5 36. Rf8# { Black
checkmated } 1-0

[Event "ICC tourney 2556 (25 5)"]
[Site "Internet Chess Club"]
[Date "2021.05.09"]
[Round "6"]
[White "DOPPALAPUDI, ADITH:K05-16534365"]
[Black "GURPUR MADKE PRABHU, TANYA:K05-16349446"]
[Result "0-1"]
[ICCResult "White checkmated"]
[WhiteElo "910"]
[BlackElo "1264"]
[Opening "Giuoco Piano"]
[ECO "C53"]
[NIC "IG.02"]
[Time "13:32:02"]
[PlyCount "58"]
[TimeControl "1500+5"]

1. Nf3 Nc6 2. e4 e5 3. Bc4 Bc5 4. c3 h6 5. d4 exd4 6. cxd4 Bb4+ 7. Nc3 d6
8. Qb3 Qd7 9. O-O Bxc3 10. Qxc3 Qe7 11. Re1 Bd7 12. e5 O-O-O 13. Be3 Kb8
14. Bf4 dxe5 15. Nxe5 Nxe5 16. Bxe5 Qg5 17. Rac1 Rc8 18. Qb3 Ka8 19. Re3 f6
20. Bg3 h5 21. Bxg8 Rhxg8 22. Rxc7 Rxc7 23. Qxg8+ Rc8 24. f4 Qa5 25. Qxg7
Rc1+ 26. Kf2 Qd2+ 27. Kf3 Bc6+ 28. Re4 Rf1+ 29. Bf2 Qxf2# { White
checkmated } 0-1

[Event "ICC tourney 2556 (25 5)"]
[Site "Internet Chess Club"]
[Date "2021.05.09"]
[Round "6"]
[White "REDDY EDULAKANTI, RITHWIK:K05-16559920"]
[Black "SHAHINYAN, INNA:K05-17114472"]
[Result "1-0"]
[ICCResult "Black checkmated"]
[WhiteElo "1071"]
[BlackElo "635"]
[Opening "two knights defense: Bogolyubov variation"]
[ECO "C58"]
[NIC "KP.01"]
[Time "13:31:26"]
[PlyCount "109"]
[TimeControl "1500+5"]

1. e4 e5 2. Nf3 Nc6 3. Bc4 Nf6 4. Ng5 d5 5. exd5 Na5 6. Bb5+ c6 7. dxc6
bxc6 8. Qf3 Bd7 9. Ba4 h6 10. Ne4 Be7 11. Nxf6+ Bxf6 12. Nc3 Rc8 13. d3 c5
14. Bxd7+ Qxd7 15. Ne4 Rc6 16. Nxf6+ Rxf6 17. Qa8+ Qd8 18. Qxd8+ Kxd8 19.
O-O Ke7 20. Re1 Re6 21. Bd2 Nc6 22. Bc3 Re8 23. f4 Kf8 24. fxe5 Nxe5 25. h3
f6 26. b4 cxb4 27. Bxb4+ Kg8 28. Rad1 Nc6 29. Rxe6 Rxe6 30. Re1 Rxe1+ 31.
Bxe1 Nb4 32. Bxb4 g6 33. c4 Kf7 34. Kf2 Ke8 35. Ke3 Kd7 36. Bc5 a6 37. d4
Kc6 38. Ke4 f5+ 39. Kf4 a5 40. a4 Kc7 41. d5 Kc8 42. Bb6 Kb7 43. Bxa5 Kc8
44. c5 Kd7 45. Bb6 Kc8 46. a5 Kb7 47. d6 Kc8 48. a6 Kd7 49. a7 Kc8 50.
a8=Q+ Kd7 51. Qd5 Kc8 52. c6 Kb8 53. d7 Ka8 54. Qa5+ Kb8 55. Qa7# { Black
checkmated } 1-0

[Event "ICC tourney 2556 (25 5)"]
[Site "Internet Chess Club"]
[Date "2021.05.09"]
[Round "6"]
[White "HAN WU, SEAN:K05-16802870"]
[Black "JAVERI, RIAAN:K05-16378238"]
[Result "1-0"]
[ICCResult "Black resigns"]
[WhiteElo "1046"]
[BlackElo "1417"]
[Opening "Caro-Kann: advance variation"]
[ECO "B12"]
[NIC "CK.02"]
[Time "13:31:11"]
[PlyCount "93"]
[TimeControl "1500+5"]

1. e4 c6 2. d4 d5 3. e5 c5 4. c3 Nc6 5. Nf3 Bg4 6. Be2 e6 7. O-O Nge7 8. h3
Bf5 9. Bd3 Bxd3 10. Qxd3 Ng6 11. Bg5 Be7 12. Bxe7 Qxe7 13. Nbd2 O-O 14. Qc2
c4 15. Nh2 Nf4 16. Ndf3 h5 17. Qd2 Ng6 18. Ne1 b5 19. f4 Qh4 20. Qf2 Qd8
21. f5 exf5 22. Qxf5 Qc7 23. Qxh5 Nd8 24. Nef3 Nf4 25. Qh4 Ng6 26. Qh5 Ne6
27. Ng5 Nxg5 28. Qxg5 a5 29. Nf3 Qe7 30. Qxe7 Nxe7 31. Ng5 Ng6 32. e6 f6
33. Nf3 Rfe8 34. Rae1 Ra6 35. g3 Raxe6 36. Rxe6 Rxe6 37. Re1 Rb6 38. Re8+
Kf7 39. Ra8 a4 40. a3 Ne7 41. Kf2 Nf5 42. Ra7+ Ke6 43. g4 Ne7 44. Ra8 Ng6
45. Kg3 Kf7 46. Nh4 Ra6 47. Rxa6 { Black resigns } 1-0

[Event "ICC tourney 2556 (25 5)"]
[Site "Internet Chess Club"]
[Date "2021.05.09"]
[Round "6"]
[White "KUO, DECLAN:K05-16624125"]
[Black "MUTHURAMAN, ADWAIYTH:K05-16450607"]
[Result "0-1"]
[ICCResult "White checkmated"]
[WhiteElo "852"]
[BlackElo "499"]
[Opening "Caro-Kann defense"]
[ECO "B10"]
[NIC "CK.01"]
[Time "13:33:04"]
[PlyCount "68"]
[TimeControl "1500+5"]

1. e4 c6 2. Nf3 d5 3. d3 e6 4. Be2 Bd6 5. O-O Ne7 6. Nbd2 O-O 7. b3 e5 8.
Bb2 d4 9. Nc4 b5 10. Ncxe5 Bxe5 11. Nxe5 Qd6 12. Nf3 c5 13. c3 Nbc6 14.
cxd4 cxd4 15. Nd2 Qg6 16. Bh5 Qg5 17. Rc1 Bh3 18. Bf3 Rac8 19. Re1 Nb4 20.
Rxc8 Rxc8 21. Bxd4 Nxd3 22. Re3 Rc1 23. Qxc1 Nxc1 24. Nf1 f5 25. Bxa7 f4
26. Rc3 Ne2+ 27. Kh1 Bxg2+ 28. Bxg2 Nxc3 29. Bc5 Ne2 30. a4 f3 31. Ng3 Qc1+
32. Bf1 Nxg3+ 33. hxg3 Qxf1+ 34. Kh2 Qg2# { White checkmated } 0-1

[Event "ICC tourney 2556 (25 5)"]
[Site "Internet Chess Club"]
[Date "2021.05.09"]
[Round "6"]
[White "FEUERSTEIN, JACOB:K05-16195750"]
[Black "ZHAO, BRYAN:K05-16690808"]
[Result "0-1"]
[ICCResult "White checkmated"]
[WhiteElo "1099"]
[BlackElo "744"]
[Opening "Sicilian: Alapin's variation (2.c3)"]
[ECO "B22"]
[NIC "SI.46"]
[Time "13:32:27"]
[PlyCount "134"]
[TimeControl "1500+5"]

1. e4 c5 2. c3 d5 3. exd5 Qxd5 4. d4 g6 5. Nf3 Bg7 6. Be3 cxd4 7. cxd4 Nc6
8. Nc3 Qa5 9. Bb5 Bd7 10. O-O Nf6 11. Re1 O-O 12. Qd2 a6 13. Ba4 Qc7 14.
Re2 b5 15. Bb3 Na5 16. Rc1 Nxb3 17. axb3 Bc6 18. d5 Rfd8 19. Bf4 Qb7 20.
dxc6 Qxc6 21. Qe1 e6 22. Na4 Qe8 23. Nc5 Nd5 24. Bg3 Bh6 25. Rcc2 Rdc8 26.
Ne4 Rxc2 27. Rxc2 Bg7 28. Ne5 Nf6 29. Nxf6+ Bxf6 30. Qd2 Rd8 31. Qe2 Rc8
32. Nc6 Rxc6 33. Rxc6 Qxc6 34. h3 Qc1+ 35. Qf1 Qxf1+ 36. Kxf1 Bxb2 37. Be5
Bxe5 38. g3 a5 39. Ke2 a4 40. Kd2 axb3 41. Kc1 b2+ 42. Kb1 f5 43. f4 Bxf4
44. gxf4 h6 45. Kxb2 g5 46. fxg5 hxg5 47. Kc3 g4 48. hxg4 fxg4 49. Kd3 g3
50. Ke2 g2 51. Kf2 b4 52. Kxg2 b3 53. Kg3 b2 54. Kf3 b1=Q 55. Ke3 Qb3+ 56.
Ke4 Qd5+ 57. Kf4 Kg7 58. Ke3 Qc4 59. Kf3 Qd4 60. Ke2 Qc3 61. Kf1 Qd2 62.
Kg1 Kg6 63. Kh1 Kg5 64. Kg1 Qe2 65. Kh1 Kg4 66. Kg1 Kg3 67. Kh1 Qg2# {
White checkmated } 0-1

[Event "ICC tourney 2556 (25 5)"]
[Site "Internet Chess Club"]
[Date "2021.05.09"]
[Round "6"]
[White "VARDHAN, SHAIV:K05-16957684"]
[Black "NGUYEN, KEVIN:K05-16839412"]
[Result "1-0"]
[ICCResult "Black checkmated"]
[WhiteElo "1086"]
[BlackElo "705"]
[Opening "QGD: Been-Koomen variation"]
[ECO "D50"]
[NIC "QO.16"]
[Time "13:33:13"]
[PlyCount "121"]
[TimeControl "1500+5"]

1. d4 d5 2. c4 Nf6 3. Nc3 e6 4. Bg5 c5 5. e3 Nc6 6. Bxf6 gxf6 7. Nf3 b6 8.
dxc5 Bxc5 9. cxd5 exd5 10. Qxd5 Bb7 11. Bb5 Rc8 12. Bc4 O-O 13. O-O Qc7 14.
Qf5 Ne5 15. Nxe5 Qxe5 16. Bd3 Qxf5 17. Bxf5 Rcd8 18. Rad1 Kh8 19. g3 Bf3
20. Rc1 Rg8 21. Be4 Bg4 22. Bg2 h5 23. Ne4 Be7 24. Nc3 h4 25. h3 Be6 26. g4
f5 27. f3 Bc5 28. Rfe1 f4 29. Nd1 fxe3 30. Nxe3 Bxa2 31. Kh1 Rd2 32. Nc4
Rgd8 33. Nxd2 Rxd2 34. b4 Bxb4 35. Rc7 a5 36. Rc6 Rxg2 37. Re8+ Kg7 38.
Kxg2 Bc5 39. Rxc5 bxc5 40. Ra8 c4 41. Rxa5 Bb3 42. Rc5 Kg6 43. Kf2 Kf6 44.
Ke3 Ke6 45. Kd4 Kf6 46. f4 Ke6 47. Rxc4 Bxc4 48. Kxc4 f6 49. Kd4 Kf7 50.
Kd5 Kg6 51. Ke6 Kg7 52. f5 Kf8 53. Kxf6 Kg8 54. Ke7 Kg7 55. f6+ Kg6 56. f7
Kg5 57. f8=Q Kg6 58. Qf5+ Kg7 59. Qg5+ Kh7 60. Kf7 Kh8 61. Qg7# { Black
checkmated } 1-0

[Event "ICC tourney 2556 (25 5)"]
[Site "Internet Chess Club"]
[Date "2021.05.09"]
[Round "6"]
[White "GHODAKE, SPARSH:K05-16884947"]
[Black "JAVERI, KIAAN:K05-16378244"]
[Result "1-0"]
[ICCResult "Black checkmated"]
[WhiteElo "1242"]
[BlackElo "915"]
[Opening "Dresden opening"]
[ECO "A10"]
[NIC "EO.64"]
[Time "13:31:12"]
[PlyCount "105"]
[TimeControl "1500+5"]

1. c4 Nc6 2. Nf3 e5 3. e4 Nf6 4. d3 Bb4+ 5. Nc3 d6 6. h3 O-O 7. Bg5 Be6 8.
g3 h6 9. Be3 Nh7 10. Qc1 f5 11. exf5 Rxf5 12. Bg2 d5 13. cxd5 Bxd5 14. Qd1
Qf6 15. Nh4 Bxg2 16. Nxg2 Nd4 17. O-O Nf3+ 18. Kh1 Rh5 19. Nh4 Rf8 20. Ne4
Qf7 21. Qxf3 Qxf3+ 22. Nxf3 Rxf3 23. Kg2 Rf8 24. g4 Rh4 25. Ng3 Ng5 26. Rh1
g6 27. Bxg5 hxg5 28. Ne4 Ba5 29. Nxg5 Bb6 30. Raf1 Rh8 31. Nf3 Rf7 32. Nxe5
Rf6 33. Nd7 Rf4 34. Nxb6 cxb6 35. Re1 Kg7 36. Re7+ Kh6 37. Kg3 Rhf8 38. Rf1
Rf3+ 39. Kg2 Kg5 40. Re5+ Kh4 41. Re3 R3f4 42. f3 Rb4 43. b3 Rb5 44. Rc1
Rf7 45. Rc8 Kg5 46. Kg3 Ra5 47. a4 b5 48. Rc5+ Kh6 49. Rxb5 Ra6 50. h4 Rh7
51. g5+ Kg7 52. Rxb7+ Kg8 53. Re8# { Black checkmated } 1-0

[Event "ICC tourney 2556 (25 5)"]
[Site "Internet Chess Club"]
[Date "2021.05.09"]
[Round "6"]
[White "ARUTLA, ADITYA:K05-16207801"]
[Black "BANG, ADITYA:K05-16841804"]
[Result "1/2-1/2"]
[ICCResult "Game drawn by mutual agreement"]
[WhiteElo "1676"]
[BlackElo "1428"]
[Opening "Old Indian defense"]
[ECO "A53"]
[NIC "KI.29"]
[Time "13:30:53"]
[PlyCount "107"]
[TimeControl "1500+5"]

1. d4 d6 2. c4 Nf6 3. Nc3 g6 4. g3 Bg7 5. Bg2 O-O 6. e4 Nc6 7. Nf3 Nd7 8.
Be3 e5 9. O-O exd4 10. Nxd4 Nce5 11. b3 Nf6 12. f4 Ned7 13. Rc1 a6 14. a3
Re8 15. b4 Nb6 16. Qd3 c5 17. Nb3 Be6 18. Nd5 Bxd5 19. exd5 Ng4 20. Rfe1
Nxe3 21. Rxe3 Rxe3 22. Qxe3 Bb2 23. Rc2 Bxa3 24. bxc5 dxc5 25. Na5 Bb4 26.
Nxb7 Qe8 27. Qxe8+ Rxe8 28. d6 Rb8 29. Re2 Bc3 30. Kh1 Bd4 31. Bc6 Kf8 32.
Re7 Nxc4 33. Rc7 Rxb7 34. Bxb7 Nxd6 35. Bxa6 Nf5 36. Kg2 Ne3+ 37. Kf3 Nd5
38. Rb7 Ne7 39. Bc4 h5 40. h3 f5 41. Rb8+ Kg7 42. Re8 Nc6 43. Rg8+ Kh7 44.
Bf7 Ne7 45. Re8 Bf6 46. h4 Kg7 47. Bc4 Nc6 48. Bd5 Nd4+ 49. Ke3 Nb5 50.
Rg8+ Kh7 51. Bf7 Nd6 52. Rxg6 Bd4+ 53. Kf3 Nxf7 54. Rc6 { Game drawn by
mutual agreement } 1/2-1/2

[Event "ICC tourney 2556 (25 5)"]
[Site "Internet Chess Club"]
[Date "2021.05.09"]
[Round "6"]
[White "GOLSEFIDY, SEPEHR:K05-16686975"]
[Black "YANG, DANIEL:K05-16464806"]
[Result "1-0"]
[ICCResult "Black checkmated"]
[WhiteElo "1882"]
[BlackElo "1597"]
[Opening "Sicilian: Nimzovich-Rossolimo attack (with ...g6, without ...d6)"]
[ECO "B31"]
[NIC "SI.31"]
[Time "13:33:00"]
[PlyCount "77"]
[TimeControl "1500+5"]

1. e4 c5 2. Nf3 Nc6 3. Bb5 g6 4. c3 d5 5. exd5 Qxd5 6. d4 Bg7 7. O-O Nf6 8.
c4 Qh5 9. d5 a6 10. Ba4 b5 11. cxb5 Nb4 12. b6+ Nd7 13. a3 Nxd5 14. Bc6
Nxb6 15. Bxa8 Nxa8 16. Re1 Nc7 17. Nc3 Bb7 18. Ne4 Bxe4 19. Rxe4 Qd5 20.
Qe2 Ne6 21. Bg5 h6 22. Rd1 Qc6 23. Bh4 g5 24. Bg3 O-O 25. h4 Nf6 26. Rc4
Nd5 27. hxg5 hxg5 28. Qe4 Rd8 29. Ne5 Qb7 30. Qf5 Bf6 31. Qc2 Kg7 32. Qe2
Ndf4 33. Bxf4 Nxf4 34. Rxf4 Rxd1+ 35. Qxd1 gxf4 36. Qg4+ Kf8 37. Nd7+ Ke8
38. Nxc5 Qd5 39. Qg8# { Black checkmated } 1-0

[Event "ICC tourney 2556 (25 5)"]
[Site "Internet Chess Club"]
[Date "2021.05.09"]
[Round "6"]
[White "WILLY, STEPHEN:K05-17088783"]
[Black "SHETTY, DARSH:K05-16728985"]
[Result "1-0"]
[ICCResult "Black checkmated"]
[WhiteElo "1643"]
[BlackElo "1431"]
[Opening "Giuoco Piano"]
[ECO "C50"]
[NIC "IG.02"]
[Time "13:31:11"]
[PlyCount "117"]
[TimeControl "1500+5"]

1. e4 e5 2. Nf3 Nc6 3. Bc4 Bc5 4. O-O Nf6 5. c3 Nxe4 6. d4 exd4 7. cxd4 Bb4
8. a3 Ba5 9. b4 Bb6 10. b5 Ne7 11. a4 Ba5 12. Bd2 Bxd2 13. Nbxd2 d5 14. Bd3
Nxd2 15. Qxd2 O-O 16. Qg5 Ng6 17. Qh5 Qf6 18. Rac1 c6 19. Rfe1 h6 20. Ne5
Nf4 21. Qf3 Nxd3 22. Qxd3 Bf5 23. Qf3 cxb5 24. Qxd5 bxa4 25. Qxb7 Qb6 26.
Qf3 Qf6 27. Rc6 Be6 28. Qc3 Qd8 29. Rc5 Rc8 30. Nc6 Qd7 31. Ne7+ Qxe7 32.
Rxc8 Rxc8 33. Qxc8+ Qf8 34. Qxf8+ Kxf8 35. Re5 Bb3 36. Ra5 Ke7 37. Rxa7+
Kd6 38. Kf1 Kd5 39. Ke2 Kxd4 40. Kd2 Kc5 41. Kc3 Kb6 42. Re7 Kb5 43. Re5+
Kb6 44. Kb4 Kc6 45. f4 Bd5 46. g4 Bb3 47. h4 Kd6 48. g5 hxg5 49. hxg5 f6
50. Ra5 Ke6 51. f5+ Ke7 52. g6 Kf8 53. Kc5 Bc2 54. Kd6 Be4 55. Rxa4 Bf3 56.
Rh4 Kg8 57. Rb4 Bb7 58. Rxb7 Kf8 59. Rb8# { Black checkmated } 1-0

[Event "ICC tourney 2556 (25 5)"]
[Site "Internet Chess Club"]
[Date "2021.05.09"]
[Round "6"]
[White "PELES, ADAM:K05-15981861"]
[Black "SANDY, ADRIAN:K05-16647505"]
[Result "0-1"]
[ICCResult "White checkmated"]
[WhiteElo "1011"]
[BlackElo "384"]
[Opening "two knights defense: Fegatello attack"]
[ECO "C57"]
[NIC "KP.01"]
[Time "13:31:01"]
[PlyCount "116"]
[TimeControl "1500+5"]

1. e4 e5 2. Nf3 Nc6 3. Bc4 Nf6 4. Ng5 d5 5. exd5 Nxd5 6. Nxf7 Kxf7 7. Qf3+
Qf6 8. Qxd5+ Be6 9. Qd7+ Be7 10. Qd3 Rad8 11. Bxe6+ Qxe6 12. Qf3+ Bf6 13.
O-O Rhf8 14. Nc3 Kg8 15. d3 Be7 16. Qg3 Rf6 17. Ne4 Rg6 18. Qe3 Nd4 19. Qd2
Nf3+ 20. Kh1 Nxd2 21. Bxd2 h6 22. Rae1 Bg5 23. Bxg5 hxg5 24. Nc5 Qxa2 25.
Nxb7 Rb8 26. Nc5 Rxb2 27. Ra1 Qd5 28. Ne4 Rxc2 29. Rxa7 Qxd3 30. Ng3 Rf6
31. Ra8+ Kh7 32. Raa1 Rfxf2 33. Rad1 Rxf1+ 34. Rxf1 Qd2 35. Rg1 Rc1 36. h3
Rxg1+ 37. Kxg1 c5 38. Nf1 Qe1 39. g3 c4 40. Kg2 Qe2+ 41. Kg1 c3 42. g4 c2
43. Ng3 Qe3+ 44. Kg2 Qxg3+ 45. Kxg3 c1=R 46. h4 gxh4+ 47. Kxh4 Rc8 48. Kg3
Rf8 49. Kh4 e4 50. Kh5 e3 51. g5 g6+ 52. Kh4 e2 53. Kh3 e1=R 54. Kg3 Kg7
55. Kg2 Re5 56. Kh3 Rxg5 57. Kh4 Rg1 58. Kh3 Rh8# { White checkmated } 0-1

[Event "ICC tourney 2556 (25 5)"]
[Site "Internet Chess Club"]
[Date "2021.05.09"]
[Round "6"]
[White "PANDE, RAYANSH:K05-16097942"]
[Black "YOGESH MEHTA, ADITYA:K05-17108546"]
[Result "0-1"]
[ICCResult "White checkmated"]
[WhiteElo "1097"]
[BlackElo "797"]
[Opening "QGD semi-Slav: 5.e3"]
[ECO "D45"]
[NIC "SL.08"]
[Time "13:31:03"]
[PlyCount "84"]
[TimeControl "1500+5"]

1. d4 d5 2. c4 c6 3. Nf3 Nf6 4. e3 e6 5. Nc3 Bb4 6. Bd3 Qa5 7. Bd2 Bxc3 8.
Bxc3 Qc7 9. O-O O-O 10. Bb4 Re8 11. Qc2 h6 12. Rfe1 Nbd7 13. Bc3 b6 14. Ne5
c5 15. b3 Bb7 16. Nxd7 Nxd7 17. dxc5 bxc5 18. Bb2 Qc6 19. f3 e5 20. cxd5
Qxd5 21. Be4 Qe6 22. Bxb7 Rab8 23. Ba6 Qxa6 24. Qc3 Qg6 25. Rad1 Rbd8 26.
Qa5 Qc2 27. Rd2 Qf5 28. Qxa7 Nf6 29. Red1 Rxd2 30. Rxd2 Qb1+ 31. Kf2 Qf5
32. Ke2 e4 33. f4 Qg4+ 34. Ke1 Re6 35. Bxf6 Rxf6 36. Qa8+ Kh7 37. Qxe4+ g6
38. Qe7 Qf5 39. Rd8 Re6 40. Qh4 Rxe3+ 41. Kf1 Qb1+ 42. Kf2 Qe1# { White
checkmated } 0-1